 Dungeon Crawl Stone Soup version 0.29-a0-43-g62a80824bf (webtiles) character file.

Game seed: 5582276982608126460

229 bande the Covered (level 6, 0/38 HPs)
             Began as a Gargoyle Fighter on Feb 3, 2022.
             Slain by an orc (2 damage)
             ... on level 3 of the Dungeon.
             The game lasted 00:05:02 (3684 turns).

bande the Covered (Gargoyle Fighter)                Turns: 3684, Time: 00:05:03

Health: 0/38       AC: 15    Str: 20    XL:     6   Next: 3%
Magic:  6/6        EV:  7    Int:  8    God:
Gold:   188        SH:  4    Dex: 11    Spells: 5/5 levels left

rFire   . . .      SeeInvis .   a - +1 war axe
rCold   . . .      Faith    .   c - +0 buckler
rNeg    + . .      Spirit   .   i - +0 chain mail
rPois   ∞          Reflect  .   e - +1 hat
rElec   +          Harm     .   (no cloak)
rCorr   .          Rampage  .   (no gloves)
Will    .....                   (no boots)
Stlth   ..........              (no amulet)
HPRegen 0.12/turn               (no ring)
MPRegen 0.10/turn               (no ring)

@: no status effects
A: sickness immunity, AC +4, negative energy resistance 1, electricity
resistance, torment resistance 1, petrification resistance
a: no special abilities


You were on level 3 of the Dungeon.
You visited 1 branch of the dungeon, and saw 4 of its levels.

You collected 188 gold pieces.

Inventory:

Hand Weapons
 a - a +1 war axe (weapon)
 b - a +2 flail of venom
Armour
 c - a +0 buckler (worn)
 e - a +1 hat (worn)
 i - a +0 chain mail (worn)
Scrolls
 j - a scroll of identify
 l - a scroll of enchant weapon
Potions
 d - 2 potions of might
 f - 2 potions of cancellation
 g - a potion of invisibility
 k - a potion of heal wounds {unknown}


   Skills:
 + Level 4.2 Fighting
 + Level 4.1 Axes
 + Level 4.5 Armour
 + Level 3.6 Shields


You had 5 spell levels left.
You didn't know any spells.
Your spell library contained the following spells:

 Spells                   Type           Power      Damage    Failure   Level
 Animate Skeleton         Necr           0%         N/A       99%         1
 Pain                     Necr           0%         1d4       99%         1
 Vampiric Draining        Necr           0%         2d6       100%        3


Dungeon Overview and Level Annotations

Branches:
Dungeon (4/15)
 Temple: D:4-7

Altars:


Innate Abilities, Weirdness & Mutations

You are immune to sickness and miasma.
Your stone body is resilient. (AC +4)
You are immune to poison.
You resist negative energy. (rN+)
You are resistant to electric shocks. (rElec)
You are resistant to unholy torment.
You are immune to petrification.


Message History

You block the orc's attack.
The iguana bites you but does no damage.
The orc priest mumbles some strange prayers to Beogh against you.
Pain shoots through your body! The orc hits you but does no damage.
There is a stone staircase leading up here.
The iguana bites you!
* * * LOW HITPOINT WARNING * * *
You climb upwards.
There is a stone staircase leading down here.
It was a potion of curing.
You feel better. The orc hits you but does no damage.
The iguana closely misses you.
You barely miss the iguana.
The iguana is moderately wounded.
You barely miss the orc. The orc hits you but does no damage.
The iguana bites you but does no damage.
The orc hits you but does no damage. The iguana bites you.
* * * LOW HITPOINT WARNING * * *
Unknown command.
You hit the iguana but do no damage.
The iguana is moderately wounded.
You barely miss the orc. The orc hits you but does no damage.
The iguana bites you but does no damage.
Unknown command.
You hit the iguana.
The iguana is heavily wounded.
You barely miss the orc. The orc hits you but does no damage.
The iguana bites you but does no damage.
The orc hits you but does no damage.
Unknown command.
You slash the iguana!
You kill the iguana!
You closely miss the orc. The orc hits you with a +0 dagger.
* * * LOW HITPOINT WARNING * * *
Your Axes skill increases to level 4!
You have reached level 6!
You barely miss the orc. You block the orc's attack.
You closely miss the orc. You block the orc's attack.
The orc hits you with a +0 dagger.
You die...

........######...#######......##.
.#.....................#.###..##.
.........................###...).
.#.............).......####...##.
.#......######...########.....##.
.......## #(..########.#...##.
###.#### #..........#.####### #.#
#....#####.#.# #.#
#######..@.#####.#.####### #.#
#.........o...##.#........ ###.#
#.####.###.##.##.#########
....####.####.# #.##.##.#
#####......##.###.......##
#.##......##.........##
###.##.#.#............#.##
#...........##...#...###.##
#.#.##.#.........#..## ##[#


You could see an orc.

Vanquished Creatures
  2 orc wizards (D:3)
  An iguana (D:3)
  3 gnolls (D:2)
  2 adders
  A white imp (D:3)
  4 worms
  4 dart slugs
  8 orcs
  6 endoplasms
  2 giant cockroaches
  6 goblins
  4 hobgoblins
  7 jackals
  3 kobolds
  2 quokkas
  7 ball pythons
  6 frilled lizards
  10 rats
78 creatures vanquished.

Vanquished Creatures (others)
  A plant (D:1)
1 creature vanquished.

Grand Total: 79 creatures vanquished

Notes
Turn   | Place    | Note
-------+----------+-------------------------------------------
     0 | D:1      | bande the Gargoyle Fighter began the quest for the Orb.
     0 | D:1      | Reached XP level 1. HP: 14/14 MP: 1/1
    45 | D:1      | Found a faded altar of an unknown god.
   514 | D:1      | Reached XP level 2. HP: 14/19 MP: 2/2
  1127 | D:1      | Reached XP level 3. HP: 21/24 MP: 3/3
  1705 | D:2      | Reached XP level 4. HP: 17/29 MP: 4/4
  3031 | D:3      | Reached XP level 5. HP: 21/33 MP: 5/5
  3682 | D:3      | HP: 1/33 [orc (2)]
  3683 | D:3      | Reached XP level 6. HP: 1/38 MP: 6/6
  3684 | D:3      | Slain by an orc

Illustrated notes

Levels and vault maps discovered:
D:1:      dpeg_arrival_brainrot, layout_basic, shapermc_ecumenical_altar_venn,
          serial_bayou_lagoon_b
D:2:      layout_loops_cross
D:3:      layout_loops_cross
D:4:      layout_basic, lemuel_temple_firewalk_a, uniq_menkaure, uniq_pikel

Skill      XL: |  1  2  3  4  5 |
---------------+----------------+-----
Axes           | 2 3 4 |  4.1
Armour         | 4 |  4.5
Fighting       | 4 |  4.2
Shields        | |  3.6

Action                   |  1- 3 |  4- 6 || total
-------------------------+-------+-------++-------
Melee: War axe           |    99 |   167 ||   266
  Use: Scroll            |     7 |     3 ||    10
       Potion            |       |     1 ||     1
Armor: Scale mail        |     8 |       ||     8
       Skin              |     3 |       ||     3
       Chain mail        |    39 |   117 ||   156
Dodge: Dodged            |    47 |    36 ||    83
Block: Buckler           |    19 |    32 ||    51

Table legend: (Time is in decaauts)
 A = Elapsed time spent in this place.
 B = Non-inter-level travel time spent in this place.
 C = Inter-level travel time spent in this place.
 D = Time resting spent in this place.
 E = Time spent auto-exploring this place.
 F = Levels seen in this place.
 G = Mean time per level.
                   A        B        C        D        E       F      G
               +--------+--------+--------+--------+--------+-----+--------+
         Total |   3808 |   3762 |     46 |   1018 |   2051 |   4 |  952.0 |
       Dungeon |   3808 |   3762 |     46 |   1018 |   2051 |   4 |  952.0 |
               +--------+--------+--------+--------+--------+-----+--------+

Top non-repeatable levels by time:
     D:2: 1509 daAuts
     D:1: 1397 daAuts
     D:3: 886 daAuts
     D:4: 14 daAuts
